 Dungeon Crawl Stone Soup version 0.32-a0-520-g344ed53f66 (webtiles) character file.

Game seed: 2214142503373016753

2787 Dittersdorf the Shield-Bearer (level 9, -13/59 HPs)
             Began as a Gargoyle Fighter on Feb 27, 2024.
             Killed from afar by Maurice (16 damage)
             ... with an iceblast
             ... on level 6 of the Dungeon.
             The game lasted 00:07:30 (7471 turns).

Dittersdorf the Shield-Bearer (Gargoyle Fighter)    Turns: 7471, Time: 00:07:31

Health: -13/59     AC: 19    Str: 31    XL:     9   Next: 70%
Magic:  2/9        EV:  9    Int:  8    God:
Gold:   1741       SH:  5    Dex:  9    Spells: 8/8 levels left

rFire   . . .        t - +0 flail (drain)
rCold   . . .        c - +0 buckler
rNeg    + . .        r - +1 chain mail
rPois   ∞            (no helmet)
rElec   +            s - +0 cloak
rCorr   .            (no gloves)
SInv    .            (no boots)
Will    .....        (no amulet) Stlth
                     m - +6 ring of strength
HPRegen 0.29/turn    (no ring)
MPRegen 0.11/turn

%: no passive effects
@: no status effects
A: sickness immunity, AC +6, negative energy resistance 1, electricity
resistance, torment resistance 1, petrification resistance
a: no special abilities


You were on level 6 of the Dungeon.
You visited 2 branches of the dungeon, and saw 8 of its levels.

You collected 1741 gold pieces.

Inventory:

Hand Weapons
 t - a +0 flail of draining (weapon)
 u - a +3 flail
Missiles
 j - a throwing net
Armour
 c - a +0 buckler (worn)
 r - a +1 chain mail (worn)
 s - a +0 cloak (worn)
Jewellery
 b - a ring of wizardry
 m - a +6 ring of strength (left hand)
 o - a ring of ice
Wands
 a - a wand of mindburst (10) (quivered)
Scrolls
 i - a scroll of enchant weapon
 n - a scroll of fear
 q - 2 scrolls of teleportation
 v - a scroll of poison
 w - a scroll of enchant armour
Potions
 d - a potion of might
 e - a potion of enlightenment
 f - a potion of magic
 g - a potion of haste
 h - a potion of heal wounds
 k - a potion of resistance
 l - 2 potions of curing {unknown}
 p - a potion of invisibility {unknown}


   Skills:
 + Level 7.9 Fighting
 + Level 6.7 Maces & Flails
 + Level 7.9 Armour
 + Level 7.9 Shields


You had 8 spell levels left.
You didn't know any spells.
Your spell library contained the following spells:

 Spells                   Type           Power      Damage    Failure   Level
 Apportation              Tloc           0%         N/A       86%         1
 Necrotise                Necr           0%         1d4       86%         1
 Sting                    Conj/Alch      0%         1d3       86%         1
 Summon Small Mammal      Summ           0%         N/A       86%         1
 Call Imp                 Summ           0%         N/A       94%         2
 Mercury Vapours          Alch/Air       0%         N/A       94%         2
 Frozen Ramparts          Ice            0%         1d1       99%         3
 Leda's Liquefaction      Alch/Erth      0%         N/A       100%        4
 Olgreb's Toxic Radiance  Alch           0%         N/A       100%        4
 Petrify                  Alch/Erth      0%         N/A       100%        4
 Metabolic Englaciation   Hex/Ice        0%         N/A       100%        5
 Summon Hydra             Summ           0%         N/A       100%        7
 Sublimation of Blood     Necr           Unusable   N/A       N/A         2

Dungeon Overview and Level Annotations

Branches:
Dungeon (7/15)             Temple (1/1) D:6

Altars:
Ashenzari
Cheibriados
Dithmenos
Elyvilon
Fedhas
Makhleb
Nemelex Xobeh
Ru
Sif Muna
Trog
Wu Jian
Xom
Zin
The Shining One
Ignis

Shops:
D:1 =

Annotations:
D:7 Maurice


Innate Abilities, Weirdness & Mutations

You are immune to sickness and miasma.
Your stone body is resilient. (AC +6)
You are immune to poison.
You resist negative energy. (rN+)
You are resistant to electric shocks. (rElec)
You are resistant to unholy torment.
You are immune to petrification.


Message History

An iceblast appears from out of thin air!
The mass of ice explodes!
Deactivating autopickup; reactivate with Ctrl-A.
The iceblast engulfs you!
You hear a zap.
An iceblast appears from out of thin air!
The mass of ice explodes!
The iceblast engulfs you but does no damage.
You see here a sky beast corpse.
You hear a zap.
An iceblast appears from out of thin air!
The mass of ice explodes!
The iceblast engulfs you.
* * * LOW HITPOINT WARNING * * *
You closely miss something.
You hear some strange, mumbled words.
You hear a zap.
An iceblast appears from out of thin air!
The mass of ice explodes!
The iceblast engulfs you!
* * * LOW HITPOINT WARNING * * *
You block something's attack. Something bites you but does no damage.
You closely miss something. Something hits you but does no damage.
Something bites you but does no damage. Something hits you but does no damage.
Something bites you but does no damage.
You barely miss something. Something hits you but does no damage.
Something bites you but does no damage.
You barely miss something. Something hits you but does no damage.
Something bites you but does no damage.
You thump something! You block something's attack.
Something bites you but does no damage.
You hit something.
You hear a zap.
An iceblast appears from out of thin air!
The mass of ice explodes!
The iceblast engulfs you!
* * * LOW HITPOINT WARNING * * *
The iceblast engulfs something.
You hit something.
You hear a zap.
An iceblast appears from out of thin air!
The mass of ice explodes!
The iceblast engulfs you!
You die...

### ### # ##.#
###.## ####.##
#.#.># ### ...#.##
##...####.#
..##..# ##....#.##
..###.## #.....##
..# ##.## #....{#
..# #..##
#....@###### ..#
##..###...##...†.#
..#
#...#..#####.####
#######.....##
#.## ......#.###.#
#..# ...#..### #.#
##.# ....._# #.##
#.## ...#..# ##.#
##.### ......#
#.#######.#.##


There were no monsters in sight!

Vanquished Creatures
  Jeremiah (D:6)
  Grinder (D:4)
  An acid dragon (D:7)
  2 water moccasins (D:7)
  2 ice beasts
  3 sky beasts
  A black bear (D:5)
  A phantom (D:6)
  A kobold brigand (D:7)
  A bullfrog (D:6)
  3 wyvern zombies (D:6)
  2 scorpions
  2 water moccasin zombies (D:6)
  A water moccasin skeleton (D:6)
  A howler monkey (D:4)
  2 bullfrog zombies (D:6)
  5 hounds
  2 centaur zombies (D:6)
  A jelly (D:6)
  An orc priest (D:5)
  A gnoll bouda (D:5)
  Terence (D:3)
  Jessica (D:3)
  Ijyb (D:5)
  An iguana (D:6)
  An orc wizard (D:4)
  A sleepcap (D:5)
  A killer bee zombie (D:6)
  4 gnolls (D:5)
  7 adders
  3 shadow imps (D:7)
  A dart slug (D:3)
  A ribbon worm (D:2)
  11 orcs
  5 bats
  4 endoplasms
  4 giant cockroaches
  4 goblins (D:1)
  8 hobgoblins
  A quokka (D:3)
  13 ball pythons
  12 kobolds
  4 rats
124 creatures vanquished.

Notes
Turn   | Place    | Note
-------+----------+-------------------------------------------
     0 | D:1      | Dittersdorf the Gargoyle Fighter began the quest for the
                  | Orb.
     0 | D:1      | Reached XP level 1. HP: 14/14 MP: 1/1
   111 | D:1      | Reached XP level 2. HP: 19/19 MP: 2/2
   292 | D:1      | Found Yruts's Jewellery Shop.
   718 | D:2      | Reached XP level 3. HP: 23/23 MP: 3/3
  1506 | D:3      | Reached XP level 4. HP: 27/29 MP: 4/4
  1603 | D:3      | Noticed Jessica
  1627 | D:3      | Killed Jessica
  1803 | D:3      | Noticed Terence
  1818 | D:3      | Killed Terence
  1819 | D:3      | Reached XP level 5. HP: 15/33 MP: 5/5
  2132 | D:3      | Found a faded altar of an unknown god.
  2274 | D:4      | Identified a scroll of acquirement
  2274 | D:4      | Acquired 1350 gold pieces
  2760 | D:4      | Reached XP level 6. HP: 39/39 MP: 6/6
  3067 | D:4      | Noticed Grinder
  3067 | D:4      | Paralysed by Grinder for 3 turns
  3074 | D:4      | Paralysed by Grinder for 3 turns
  3086 | D:4      | Killed Grinder
  3087 | D:4      | Reached skill level 5 in Fighting
  3087 | D:4      | Reached skill level 5 in Armour
  3087 | D:4      | Reached skill level 5 in Shields
  3405 | D:5      | Entered Level 5 of the Dungeon
  3437 | D:5      | Noticed Ijyb
  3457 | D:5      | Killed Ijyb
  3458 | D:5      | Reached XP level 7. HP: 27/44 MP: 7/7
  3696 | D:5      | Found a shadowy altar of Dithmenos.
  3985 | D:5      | Reached XP level 8. HP: 34/51 MP: 8/8
  4848 | D:6      | Reached skill level 5 in Maces & Flails
  5414 | D:6      | Noticed Jeremiah
  5582 | D:6      | Killed Jeremiah
  5583 | D:6      | Reached XP level 9. HP: 8/57 MP: 9/9
  6306 | D:6      | Found a staircase to the Ecumenical Temple.
  6744 | Temple   | Entered the Ecumenical Temple
  7026 | D:6      | Found a blossoming altar of Fedhas.
  7443 | D:7      | Noticed Maurice
  7471 | D:6      | Killed from afar by Maurice

Illustrated notes

Levels and vault maps discovered:
D:1:      spicycebolla_green_bress_n_ham, layout_loops_ring, serial_shops, shop
D:2:      layout_loops_ring, hangedman_glass_teeth
D:3:      layout_basic, shapermc_ecumenical_altar_hornbeckon, uniq_terence,
          uniq_jessica
D:4:      layout_cave_pods, grunt_ministairs_12, uniq_grinder
D:5:      layout_rooms, grunt_dithmenos_smoke, uniq_ijyb
D:6:      layout_layer_cave, lemuel_coloured_pillars_altar, temple_hall,
          serial_undead, serial_undead_a, serial_undead_d, serial_undead_c,
          serial_undead_c, serial_undead_b, uniq_jeremiah
D:7:      layout_basic, uniq_maurice
Temple:   ebering_untended_altars

Skill      XL: |  1  2  3  4  5  6  7  8 |
---------------+-------------------------+-----
Armour         | 4 5 7 |  7.9
Shields        | 4 5 7 |  7.9
Fighting       | 4 5 7 |  7.9
Maces & Flails | 3 4 6 |  6.7

Action                     |  1- 3 |  4- 6 |  7- 9 || total
---------------------------+-------+-------+-------++-------
  Melee: Flail             |   111 |   113 |   345 ||   569
  Throw: Throwing net      |       |     1 |       ||     1
  Evoke: Wand              |       |       |    22 ||    22
    Use: Scroll            |       |    10 |     6 ||    16
 Armour: Scale mail        |    75 |    86 |       ||   161
         Chain mail        |       |    13 |   419 ||   432
  Dodge: Dodged            |    51 |    35 |   214 ||   300
  Block: Buckler           |    25 |    21 |   127 ||   173

Table legend: (Time is in decaauts)
 A = Elapsed time spent in this place.
 B = Non-inter-level travel time spent in this place.
 C = Inter-level travel time spent in this place.
 D = Time resting spent in this place.
 E = Time spent auto-exploring this place.
 F = Levels seen in this place.
 G = Mean time per level.
                   A        B        C        D        E       F      G
               +--------+--------+--------+--------+--------+-----+--------+
         Total |   7602 |   7258 |    344 |   1125 |   4731 |   8 |  950.2 |
       Dungeon |   7600 |   7257 |    343 |   1125 |   4731 |   7 | 1085.7 |
        Temple |      1 |      1 |      0 |      0 |      0 |   1 |    1.0 |
               +--------+--------+--------+--------+--------+-----+--------+

Top non-repeatable levels by time:
     D:6: 2209 daAuts
     D:5: 1472 daAuts
     D:4: 1265 daAuts
     D:3: 957 daAuts
     D:2: 732 daAuts
     D:1: 660 daAuts
     D:7: 302 daAuts
  Temple: 1 daAuts
